 Dungeon Crawl Stone Soup version 0.18-a0-1123-gbd92598 (webtiles) character file.

188159 Ijustatesigmund the Bludgeoner (level 17, 0/137 HPs)
             Began as a Demonspawn Abyssal Knight on Jan 18, 2016.
             Was the Champion of Lugonu.
             Succumbed to a greater naga's bolt of poison
             ... on level 4 of the Snake Pit on Jan 19, 2016.
             The game lasted 02:48:26 (38718 turns).

Ijustatesigmund the Bludgeoner (DsAK)              Turns: 38718, Time: 02:48:27

Health: 0/137      AC: 21    Str: 22    XL:     17   Next: 46%
Magic:  2/28       EV: 17    Int: 12    God:    Lugonu [******]
Gold:   1986       SH: 27    Dex: 21    Spells: 3 memorised, 16 levels left

rFire  + + +     SeeInvis +     p - +4 morningstar (venom)
rCold  . . .     Gourm    .     Z - +3 fire dragon armour
rNeg   + . .     Faith    .     u - +3 large shield {rN+}
rPois  .         Spirit   .     (helmet unavailable)
rElec  .         Dismiss  .     (no cloak)
rCorr  +         Reflect  +     y - +0 pair of gloves "Zosmeb" {rPois}
SustAt .         Harm     .     I - +1 pair of boots
MR     +....                    J - +6 amulet of reflection
Stlth  ..........               x - +3 ring of evasion
                                R - ring of Ecuw {rF+ EV+2 Str+6 Int-3 Dex+4}

@: lethally poisoned (0 -> -24), poison vulnerable, very slightly contaminated,
invisible, somewhat resistant to hostile enchantments, extremely unstealthy
A: antennae 3, yellow scales 3, cold resistance 1, demonic guardian 1, spiny 2,
strong 1
a: Depart the Abyss, Bend Space, Banish, Corrupt, Enter the Abyss, Brand Weapon
With Distortion, Renounce Religion
}: 1/15 runes: serpentine


You were on level 4 of the Snake Pit.
You worshipped Lugonu.
Lugonu was exalted by your worship.
You were hungry.

You visited 5 branches of the dungeon, and saw 30 of its levels.
You visited the Abyss 2 times.
You also visited: Labyrinth and Ice Cave.

You collected 3545 gold pieces.
You spent 1559 gold pieces at shops.

Inventory:

Hand Weapons
 p - a +4 morningstar of venom (weapon)
Missiles
 A - 7 throwing nets (quivered)
 B - 7 poisoned javelins
Armour
 m - the +2 leather armour of the Seven Seas {Slay+6 Stlth-}
   (You found it in a labyrinth)

   It affects your accuracy and damage with ranged weapons and melee attacks
   (+6).
   It makes you less stealthy.
 u - a +3 large shield of positive energy (worn)
 w - a +2 pair of gloves
 y - the +0 pair of gloves "Zosmeb" (worn) {rPois}
   (You found it on level 7 of the Lair of Beasts)

   It protects you from poison.
 I - a +1 pair of boots (worn)
 Z - a +3 fire dragon armour (worn)
Jewellery
 e - the ring "Xapn" {rCorr rF+}
   (You found it in an ice cave)

   [ring of resist corrosion]

   It protects you from fire.
 k - an uncursed ring of protection from cold
 o - the ring "Viagatoq" {rN+ Int+2}
   (You found it on level 13 of the Dungeon)

   [ring of positive energy]

   It affects your intelligence (+2).
   It protects you from negative energy.
 v - an uncursed ring of protection from magic
 x - a +3 ring of evasion (right hand)
 J - a +6 amulet of reflection (around neck)
 R - the ring of Ecuw (left hand) {rF+ EV+2 Str+6 Int-3 Dex+4}
   (You found it in a labyrinth)

   [ring of evasion]

   It affects your evasion (+2).
   It affects your strength (+6).
   It affects your intelligence (-3).
   It affects your dexterity (+4).
   It protects you from fire.
 U - an uncursed amulet of regeneration
Wands
 i - a wand of digging (12/24)
 L - a wand of draining (5/15)
 N - a wand of enslavement (12/24)
 P - a wand of fire (6/15)
 T - a wand of disintegration (12/24)
Scrolls
 g - 5 scrolls of amnesia
 s - 3 scrolls of magic mapping
 t - 13 scrolls of remove curse
 H - 2 scrolls of summoning
 K - 4 scrolls of recharging
 M - 2 scrolls of fear
 O - 6 scrolls of fog
 X - 6 scrolls of identify
Potions
 a - a potion of magic
 b - 4 potions of agility
 d - 4 potions of flight
 f - 2 potions of brilliance
 h - 10 potions of curing
 j - 2 potions of haste
 l - a potion of berserk rage
 n - 2 potions of heal wounds
 C - 2 potions of resistance
 D - 4 potions of cancellation
 E - 4 potions of might
Miscellaneous
 W - a lantern of shadows
 Y - a fan of gales
Comestibles
 c - 14 bread rations
 q - 10 meat rations


   Skills:
 + Level 13.4 Fighting
 - Level 15.2 Maces & Flails
 - Level 3.0 Throwing
 + Level 6.6 Armour
 - Level 6.7 Dodging
 - Level 10.1 Shields
 - Level 5.1 Spellcasting
 - Level 5.5 Conjurations
 - Level 6.2 Fire Magic
 - Level 14.6 Invocations
 - Level 12.8 Evocations


You had 16 spell levels left.
You knew the following spells:

 Your Spells              Type           Power        Failure   Level  Hunger
a - Conjure Flame         Conj/Fire      ###.....     91%         3    ###....
b - Stoneskin             Trmt/Erth      #.......     100%        2    ##.....
c - Phase Shift           Tloc           #.........   100%        5    ######.


Dungeon Overview and Level Annotations

Branches:
Dungeon (15/15)            Temple (0/1) D:6            Lair (8/8) D:11
  Swamp (0/4) Lair:5        Snake (4/4) Lair:4        Slime (0/6) Lair:6
    Orc (2/2) D:12            Elf (0/3) Orc:2        Vaults (0/5) D:13
 Depths (1/5) D:15

Altars:
Cheibriados
Dithmenos
Elyvilon
Gozag
Nemelex Xobeh
Okawaru
Pakellas
Qazlal
Sif Muna
Xom
Yredelemnul
Zin
Beogh
Jiyva

Shops:
D:5 !   D:6 *%[=*   D:7 *   D:8 *%}   D:10 (   D:12 }   D:14 *   D:15 :
Orc:2 *=*[((*?   Snake:1 %

Portals:
Trove: D:10 (give +4 fire dragon armour)

Annotations:
D:12 corrupted
Lair:5 exclusion: oklob plant
Snake:4 corrupted
Abyss:1 Aizul, Maud


Innate Abilities, Weirdness & Mutations

You have a pair of large antennae on your head (SInv).
You are completely covered in yellow scales (AC +4, rCorr).
Your flesh is cold resistant.
A weak demonic guardian rushes to your aid.
You are mostly covered in sharp spines.
Your muscles are strong. (Str +2)


Message History

The naga ritualist misses the air elemental.
The hell hog bites the naga ritualist!
The naga sharpshooter unwields an uncursed mace.
The naga sharpshooter wields an arbalest.
The naga sharpshooter shoots a bolt of frost.
The bolt of frost hits the small abomination!
The bolt of frost freezes the small abomination.
The naga mage closely misses you.
The air elemental hits the naga ritualist.
The greater naga gestures at you while chanting.
The bolt of poison hits you!
You are more poisoned.
* * * LOW HITPOINT WARNING * * *
A naga sharpshooter comes into view. It is wielding a long sword.
Read which item? (? for menu, Esc to quit)
Blink to where?
Press: ? - help, Dir - move target cursor, p - naga mage
As you read the scroll of blinking, it crumbles to dust.
A naga warrior and 3 naga magi come into view.
You die...

....,,*,##3.NNN...#**,,,,,* *,,,,
...**####..NN.§.5.#.##,,,,* *,,,,
..**##(..Xx.NN#x.....#*,,,* *,,,,
.***....xXx.(NGX3....##,,,* *,,,,
#*,,.,....3XEhXW......#*,,***,,,,
#*,,.....#.55335Z..#..##,,,**,,,,
#*,,...#X#xxW3#(.......#*,,**,,,,
##,,.#....3XZSY#.).N#..#*,,**,,,,
N#,,........(§..@..5N..#*,,**,,,,
#..........X..§..#......*,,**,,,,
......X......#..#...##NN,,,**,,,,
.NS.#......#.#.....,#,,,,,,**,,,,
.....5.....,..#.S##.,,,,,,,**,,,,
.....N#.#..{.....W.#.,,,,,***,,,,
...N.N#............*#N,,,,* *,,,,
.....,*,,.h.....,,,,*#N,,,* *,,,,
,,,,{{*,,..#....,*,,*,,,,** *,,,,


You could see a naga warrior (wandering), a greater naga, 3 naga sharpshooters,
a naga ritualist, 5 naga magi, a neutral hell hog, a neutral soul eater, a
neutral shadow wraith (invisible), 2 neutral thrashing horrors, 5 neutral large
abominations, a neutral guardian serpent, a neutral eye of draining, 2 neutral
smoke demons, a neutral raiju, a neutral neqoxec, a neutral ynoxinul
(wandering), a neutral ice beast, 4 neutral small abominations, a neutral shadow
(invisible), 2 neutral quasits, a neutral white imp, a neutral ufetubus, a
neutral ice dragon skeleton, a neutral golden dragon skeleton and a friendly
iron imp.

Vanquished Creatures
  Vashnia (Snake:4)
  Frances (Snake:2)
  2 greater nagas
  A frost giant (IceCv)
  An orc warlord (Orc:1)
  A very ugly thing (D:15)
  Azrael (D:15)
  Snorg (D:11)
  A yaktaur captain (D:14)
  An entropy weaver (shapeshifter) (D:14)
  A rakshasa (D:12)
  4 hydras
  14 naga warriors
  11 anacondas
  2 ogre magi (D:15)
  2 dancing weapons (D:13)
  Erica (D:8)
  2 centaur warriors
  A deep troll shaman (Lair:8)
  2 tengu warriors (D:14)
  7 naga sharpshooters
  Urug (D:11)
  4 orc high priests (Orc:2)
  A shock serpent (Snake:3)
  10 death yaks
  A wizard (D:15)
  An unseen horror (D:15)
  2 salamander mystics
  8 hill giants
  The ghost of PinkishYellow the Twirler, a novice GrGl of Okawaru (D:7)
  A harpy (D:14)
  3 naga ritualists
  A lindwurm (Lair:8)
  A necromancer (D:15)
  2 griffons
  5 ugly things
  4 deep elf magi
  4 cyclopes
  8 mana vipers
  2 orc sorcerers
  10 salamanders
  A manticore (D:14)
  Maurice (D:10)
  10 elephants
  5 guardian serpents
  23 black mambas
  Joseph (D:7)
  An ice statue (IceCv)
  3 centaur zombies
  A torpor snail (Lair:6)
  An eye of devastation (Lair:6)
  9 spiny frogs
  7 naga magi
  An efreet (D:15)
  A kobold demonologist (D:14)
  8 komodo dragons
  4 fire drakes
  A queen bee (Lair:2)
  A freezing wraith (D:14)
  A merfolk (D:9)
  8 trolls
  5 two-headed ogres
  18 polar bears
  7 blink frogs
  Sigmund (D:5)
  2 centaur simulacra
  A wraith (D:12)
  44 yaks
  A vampire (D:10)
  A basilisk (Lair:3)
  5 wyverns
  2 hungry ghosts (D:13)
  5 fire elementals (D:15)
  A steam dragon (Lair:4)
  5 hippogriffs
  6 vampire mosquitoes
  6 wargs
  A mottled dragon (D:12)
  37 wolves
  31 nagas
  11 porcupines
  11 water moccasins
  23 orc warriors
  3 hell hounds (D:15)
  2 ice beasts
  2 sky beasts
  2 wasps (D:10)
  3 black bears
  24 ogres
  2 small abominations (Abyss:1)
  5 phantoms
  9 centaurs
  15 crocodiles
  3 big kobolds
  A wyvern zombie (D:13)
  17 giant frogs
  A wyvern skeleton (D:15)
  3 scorpions
  27 killer bees
  2 spriggan skeletons (Lab)
  6 electric eels
  13 crimson imps
  5 hounds
  2 quasits
  5 centaur skeletons
  6 jellies
  39 orc priests
  14 orc wizards
  5 giant frog skeletons
  Jessica (D:3)
  9 iguanas
  14 worker ants
  13 sheep
  2 hound zombies
  An ogre skeleton (Lab)
  14 adders
  68 river rats
  3 shadow imps
  3 white imps (D:14)
  An ufetubus (D:14)
  An adder skeleton (D:8)
  4 worms (D:2)
  7 giant geckos
  114 orcs
  A ball python (D:2)
  7 giant cockroaches
  7 goblins
  9 hobgoblins
  14 jackals (D:2)
  7 quokkas
  8 bats
  5 giant newts
  A jackal skeleton (D:5)
  18 kobolds
  10 rats
  2 plants
1000 creatures vanquished.

Vanquished Creatures (collateral kills)
  An anaconda (Snake:1)
  A wolf spider zombie (D:15)
  A fire drake (Lair:4)
  A troll (D:11)
  A vampire mosquito (D:14)
  A wolf (Lair:3)
  A sky beast (D:9)
  3 killer bees
  An electric eel (Lair:5)
  An orc priest (Orc:1)
  A river rat (Lair:2)
  An ufetubus (D:14)
  3 orcs
  A hobgoblin (D:3)
18 creatures vanquished.

Vanquished Creatures (others)
  Kirke (D:12)
  A greater naga (Snake:4)
  An orc warlord (Orc:2)
  An ettin (D:14)
  A minotaur (Lab)
  A naga warrior (Snake:4)
  5 hydras
  A centaur warrior (D:12)
  3 orc high priests (Orc:2)
  A shock serpent (Snake:3)
  2 naga sharpshooters
  3 unseen horrors
  A hill giant (D:10)
  A salamander (Snake:1)
  5 ugly things (D:14)
  A manticore (D:12)
  2 naga magi (Snake:4)
  A centaur zombie (D:12)
  2 polar bears (IceCv)
  6 hogs (D:12)
  A human (D:12)
  A hungry ghost (D:12)
  A steam dragon (D:12)
  4 vampire mosquitoes (D:12)
  2 nagas (Snake:4)
  An orc warrior (D:12)
  An ice beast (D:12)
  8 centaurs
  10 electric eels
  A lava snake (D:15)
  2 orc priests
  2 river rats (Lair:4)
  An orc (Orc:1)
  A kobold (D:14)
  14 fungi
  13 plants
  4 starspawn tentacles
107 creatures vanquished.

Grand Total: 1125 creatures vanquished

Notes
Turn   | Place    | Note
--------------------------------------------------------------
     0 | Abyss:1  | Ijustatesigmund the Demonspawn Abyssal Knight began the quest for the Orb.
     0 | Abyss:1  | Reached XP level 1. HP: 18/18 MP: 2/2
    70 | Abyss:1  | Noticed a quasit
    73 | D:1      | Escaped the Abyss
   170 | D:1      | Reached * piety under Lugonu
   223 | D:1      | Gained mutation: You are partially covered in sharp spines. [demonic ancestry]
   223 | D:1      | Reached XP level 2. HP: 14/24 MP: 4/4
   834 | D:2      | Gained mutation: You have a pair of small antennae on your head. [demonic ancestry]
   834 | D:2      | Reached XP level 3. HP: 29/29 MP: 5/5
   918 | D:2      | Reached ** piety under Lugonu
  1004 | D:2      | Found a stormy altar of Qazlal.
  1067 | D:2      | Gained mutation: A weak demonic guardian rushes to your aid. [demonic ancestry]
  1067 | D:2      | Reached XP level 4. HP: 35/35 MP: 6/6
  1547 | D:3      | Reached skill level 4 in Invocations
  1781 | D:3      | Reached XP level 5. HP: 27/42 MP: 8/8
  1896 | D:3      | Reached *** piety under Lugonu
  2147 | D:3      | Gained mutation: You are partially covered in yellow scales (AC +2). [demonic ancestry]
  2147 | D:3      | Reached XP level 6. HP: 8/48 MP: 9/9
  2437 | D:3      | Found a deep blue altar of Sif Muna.
  2492 | D:3      | Found a white marble altar of Elyvilon.
  2522 | D:3      | Noticed Jessica
  2526 | D:3      | Killed Jessica
  2640 | D:4      | Reached skill level 5 in Invocations
  2761 | D:4      | Reached skill level 5 in Maces & Flails
  2761 | D:4      | Gained mutation: You are mostly covered in yellow scales (AC +3). [demonic ancestry]
  2761 | D:4      | Reached XP level 7. HP: 39/55 MP: 9/11
  2830 | D:4      | Reached **** piety under Lugonu
  2881 | D:4      | Found a snail-covered altar of Cheibriados.
  2882 | D:4      | Reached skill level 5 in Fighting
  3159 | D:5      | Entered Level 5 of the Dungeon
  3269 | D:5      | Reached skill level 6 in Invocations
  3522 | D:5      | Found Wajaam's Distillery.
  3525 | D:5      | Bought a potion of invisibility for 88 gold pieces
  3525 | D:5      | Bought a potion of curing for 33 gold pieces
  3525 | D:5      | Bought a potion of heal wounds for 55 gold pieces
  3553 | D:5      | Gained mutation: You are mostly covered in sharp spines. [demonic ancestry]
  3553 | D:5      | Reached XP level 8. HP: 50/63 MP: 12/12
  3561 | D:5      | Noticed Sigmund
  3775 | D:5      | Killed Sigmund
  4187 | D:5      | Reached skill level 7 in Invocations
  4441 | D:6      | Found Aluaz's Jewellery Boutique.
  4465 | D:6      | Reached ***** piety under Lugonu
  4466 | D:6      | Found Yrrievont's General Store.
  4525 | D:6      | Found Itirph's Assorted Antiques.
  4529 | D:6      | Found an iron altar of Okawaru.
  4542 | D:6      | Bought a lumpy emerald potion for 18 gold pieces
  4542 | D:6      | Found Tepir's Antique Armour Shoppe.
  4597 | D:6      | Found Sagovyu's Food Shop.
  4632 | D:6      | Found a glowing silver altar of Zin.
  4635 | D:6      | Found a shimmering altar of Xom.
  4636 | D:6      | Found a basalt altar of Yredelemnul.
  4637 | D:6      | Found a shadowy altar of Dithmenos.
  4638 | D:6      | Found an oddly glowing altar of Pakellas.
  4669 | D:6      | Found a staircase to the Ecumenical Temple.
  4736 | D:7      | Found Ithraphi's General Store.
  4878 | D:7      | Noticed PinkishYellow's ghost (novice GrGl)
  4899 | D:7      | Killed PinkishYellow's ghost
  4899 | D:7      | Reached skill level 8 in Maces & Flails
  4899 | D:7      | Gained mutation: You have a pair of antennae on your head. [demonic ancestry]
  4899 | D:7      | Reached XP level 9. HP: 71/71 MP: 14/14
  5268 | D:7      | Noticed Joseph
  5277 | D:7      | Killed Joseph
  5881 | D:8      | Reached skill level 9 in Maces & Flails
  5899 | D:8      | Found Bepicrum's Food Shop.
  6062 | D:8      | Noticed Erica
  6072 | D:8      | Killed Erica
  6072 | D:8      | Reached skill level 5 in Armour
  6072 | D:8      | Reached XP level 10. HP: 77/80 MP: 15/15
  6125 | D:8      | Found a sparkling altar of Nemelex Xobeh.
  6125 | D:8      | Found an opulent altar of Gozag.
  6177 | D:8      | Found a stormy altar of Qazlal.
  6194 | D:8      | Found Juaphac's General Store.
  6378 | D:8      | Found Xokimn's Gadget Emporium.
  6978 | D:9      | Reached skill level 10 in Maces & Flails
  6978 | D:9      | Reached skill level 1 in Dodging
  7240 | D:10     | Entered Level 10 of the Dungeon
  7480 | D:10     | Noticed a hill giant
  7484 | D:10     | Banished a hill giant
  7527 | D:10     | Found Fiptean's Antique Weapon Emporium.
  8084 | D:10     | Found a portal to a secret trove of treasure.
  8549 | D:6      | Bought a +3 amulet of reflection for 275 gold pieces
  8749 | D:9      | Reached skill level 1 in Shields
  9694 | D:10     | Noticed Maurice
  9708 | D:10     | Killed Maurice
  9934 | D:11     | Noticed a white ugly thing
  9947 | D:11     | Killed a white ugly thing
  9950 | D:11     | Found a staircase to the Lair.
 10285 | D:11     | Noticed Urug
 10297 | D:11     | Killed Urug
 10297 | D:11     | Gained mutation: You have a pair of large antennae on your head (SInv). [demonic ancestry]
 10297 | D:11     | Reached XP level 11. HP: 56/87 MP: 17/17
 10557 | D:11     | Found an opulent altar of Gozag.
 10956 | D:12     | Noticed a rakshasa
 10964 | D:12     | Noticed Maud
 11115 | Lair:1   | Entered Level 1 of the Lair of Beasts
 11145 | Lair:1   | Found a labyrinth entrance.
 11174 | Lab      | Entered a labyrinth
 11791 | Lab      | Corrupted Lab
 11791 | Lab      | Noticed a large abomination
 11791 | Lab      | Noticed an unseen horror
 11792 | Lab      | Noticed a giant orange brain
 11792 | Lab      | Noticed a white draconian
 11792 | Lab      | Noticed a giant orange brain
 11792 | Lab      | Noticed a large abomination
 11793 | Lab      | Noticed a soul eater
 11794 | Lab      | Noticed a tentacled starspawn
 11795 | Lab      | Noticed a salamander stormcaller
 11811 | Lab      | Noticed a mana viper
 11818 | Lab      | Reached skill level 11 in Maces & Flails
 11837 | Lab      | Killed a minotaur
 11983 | Lab      | Identified Zuits's Catalogue of Conjuration and the Arsonist
 11983 | Lab      | Got a heavily runed amber ring
 11989 | Lab      | Got a dazzling leather armour
 12031 | Lair:1   | Identified the ring of Ecuw {rF+ EV+2 Str+6 Int-3 Dex+4} (You found it in a labyrinth)
 12042 | Lair:1   | Identified the +2 leather armour of the Seven Seas {Slay+6 Stlth-} (You found it in a labyrinth)
 12157 | Lair:1   | Identified a scroll of acquirement
 12456 | Lair:1   | Reached skill level 1 in Evocations
 13122 | D:12     | Found a staircase to the Orcish Mines.
 13122 | D:12     | Noticed Snorg
 13132 | D:11     | Killed Snorg
 13254 | D:11     | Banished Maud
 13468 | D:12     | Killed a rakshasa
 13650 | D:12     | Found Mob Enaynt's Gadget Shoppe.
 13696 | D:12     | Reached skill level 5 in Evocations
 13776 | D:12     | Found an oddly glowing altar of Pakellas.
 13855 | D:12     | Noticed a hill giant
 13865 | D:12     | Killed a hill giant
 13933 | D:12     | Noticed a seven-headed hydra
 13933 | D:12     | Noticed a centaur warrior
 13935 | D:12     | Corrupted D:12
 13935 | D:12     | Noticed a cacodemon
 13935 | D:12     | Noticed a tentacled starspawn
 13935 | D:12     | Noticed a starcursed mass
 13935 | D:12     | Noticed a starcursed mass
 13935 | D:12     | Noticed a blizzard demon
 13935 | D:12     | Noticed a tentacled starspawn
 13935 | D:12     | Noticed a balrug
 13935 | D:12     | Noticed a spatial maelstrom
 13935 | D:12     | Noticed a large abomination
 13935 | D:12     | Noticed a starcursed mass
 13936 | D:12     | Noticed Kirke
 13936 | D:12     | Noticed a mana viper
 13940 | D:12     | Killed a seven-headed hydra
 13945 | D:12     | Killed a centaur warrior
 13946 | D:12     | Killed Kirke
 13958 | D:12     | Killed an unseen horror
 13991 | D:12     | Noticed a large abomination
 14018 | D:12     | Noticed a giant orange brain
 14046 | D:12     | Noticed a starcursed mass
 14199 | Orc:1    | Entered Level 1 of the Orcish Mines
 14226 | Orc:1    | Noticed an orc sorcerer
 14228 | Orc:1    | Noticed an orc warlord
 14244 | Orc:1    | Noticed a soul eater
 14369 | D:12     | Killed an orc sorcerer
 14369 | D:12     | Reached skill level 12 in Maces & Flails
 15066 | Orc:1    | Killed an orc warlord
 15066 | Orc:1    | Reached skill level 10 in Invocations
 15066 | Orc:1    | Reached XP level 12. HP: 60/97 MP: 19/19
 15617 | Orc:1    | Found a roughly hewn altar of Beogh.
 15743 | Abyss:1  | Noticed a profane servitor
 15760 | Abyss:1  | Reached skill level 10 in Fighting
 15796 | Orc:1    | Escaped the Abyss
 16103 | Orc:2    | Entered Level 2 of the Orcish Mines
 16204 | Orc:2    | Found Fekhlycon's Antique Weapon Shop.
 16380 | Orc:2    | Found Heseuq's Magic Scroll Shoppe.
 16389 | Orc:2    | Bought a scroll of blinking for 112 gold pieces
 16463 | Orc:2    | Found Oshruuxos's Antique Armour Shoppe.
 16469 | Orc:2    | Bought a shadowed robe for 125 gold pieces
 16501 | Orc:1    | Identified the +1 robe of Spite {rF+++ Str-4} (You bought it in a shop on level 2 of the Orcish Mines)
 16541 | Orc:2    | Found Foboeb's General Store.
 16562 | Orc:2    | Found a staircase to the Elven Halls.
 16677 | Orc:2    | Noticed an orc warlord
 16753 | Orc:2    | Banished an orc warlord
 16999 | Orc:2    | Found a roughly hewn altar of Beogh.
 17072 | Orc:2    | Noticed an orc high priest
 17595 | Orc:2    | Noticed an orc high priest
 17609 | Orc:2    | Found a roughly hewn altar of Beogh.
 17950 | Orc:2    | Found Foydgh's Weapon Shoppe.
 17950 | Orc:2    | Found Piggial's General Store.
 17950 | Orc:2    | Noticed an orc high priest
 18053 | Orc:2    | Banished an orc high priest
 18054 | Orc:2    | Banished an orc high priest
 18283 | Orc:2    | Noticed an orc high priest
 18303 | Orc:2    | Banished an orc high priest
 18338 | Orc:2    | Noticed an orc high priest
 18571 | Orc:2    | Killed an orc high priest
 18600 | Orc:2    | Noticed an orc warlord
 18773 | Orc:2    | Banished an orc warlord
 18887 | Orc:2    | Reached skill level 13 in Maces & Flails
 18935 | Orc:2    | Noticed an orc high priest
 18942 | Orc:2    | Killed an orc high priest
 18989 | Orc:2    | Killed an orc high priest
 19145 | Orc:2    | Noticed an orc high priest
 19156 | Orc:2    | Killed an orc high priest
 19268 | Orc:2    | Upgraded the game from 0.18-a0-1121-gb454403 to 0.18-a0-1123-gbd92598
 19531 | Orc:2    | Found Ykenuk's Jewellery Shoppe.
 19531 | Orc:2    | Found Monysecw's Assorted Antiques.
 19549 | Orc:2    | Bought a lumpy white potion for 34 gold pieces
 19549 | Orc:2    | Bought an amethyst potion for 34 gold pieces
 19605 | Orc:2    | Bought a scroll of identify for 30 gold pieces
 19619 | Orc:2    | Gained mutation: You are resistant to hostile enchantments. [potion of mutation]
 19619 | Orc:2    | Lost mutation: You are resistant to hostile enchantments. [potion of mutation]
 19619 | Orc:2    | Gained mutation: Your muscles are strong. (Str +2) [potion of mutation]
 19809 | D:6      | Bought a potion of berserk rage for 75 gold pieces
 19882 | D:6      | Bought an ominously black robe for 131 gold pieces
 19882 | D:6      | Bought an ancient robe for 131 gold pieces
 19893 | D:6      | Identified the cursed +1 robe of Fallacy {+Blink rF- MR+} (You bought it in a shop on level 6 of the Dungeon)
 19904 | D:6      | Identified the +1 robe of the Will of the Gods {rF+ rC++ Str+3} (You bought it in a shop on level 6 of the Dungeon)
 20044 | Lair:1   | Learned a level 3 spell: Conjure Flame
 20296 | Lair:2   | Reached XP level 13. HP: 54/105 MP: 21/21
 21058 | Lair:2   | Reached XP level 14. HP: 111/111 MP: 22/22
 21697 | Lair:2   | Reached skill level 10 in Evocations
 22987 | Lair:4   | Found a staircase to the Snake Pit.
 24134 | Lair:5   | Reached skill level 14 in Maces & Flails
 24257 | Lair:5   | Found a staircase to the Swamp.
 25508 | Lair:6   | Found a staircase to the Slime Pits.
 25508 | Lair:6   | Found a viscous altar of Jiyva.
 26091 | Lair:7   | Got a pair of distressingly furry gloves
 26102 | Lair:7   | Identified the +0 pair of gloves "Zosmeb" {rPois} (You found it on level 7 of the Lair of Beasts)
 26447 | Lair:8   | Entered Level 8 of the Lair of Beasts
 27057 | Lair:8   | Reached ****** piety under Lugonu
 27138 | Lair:8   | Reached skill level 5 in Shields
 27301 | Lair:8   | Reached XP level 15. HP: 119/119 MP: 24/24
 28041 | D:13     | Got a warped bone ring
 28046 | D:13     | Found a gate to the Vaults.
 28064 | D:13     | Identified the ring "Viagatoq" {rN+ Int+2} (You found it on level 13 of the Dungeon)
 28975 | D:14     | Found Xunoush's Demolitions Depot.
 29041 | D:14     | Found a frozen archway.
 29097 | IceCv    | Entered an ice cave
 29393 | IceCv    | Identified the Reference Book on Transmutation and the Mountains
 29397 | IceCv    | Learned a level 2 spell: Stoneskin
 29621 | IceCv    | Reached skill level 1 in Conjurations
 29960 | IceCv    | Noticed a frost giant
 29986 | IceCv    | Killed a frost giant
 29986 | IceCv    | Reached skill level 10 in Shields
 30220 | IceCv    | Got a heavily runed lapis lazuli ring
 30222 | IceCv    | Identified the ring "Xapn" {rCorr rF+} (You found it in an ice cave)
 30771 | D:14     | Reached skill level 1 in Fire Magic
 30804 | D:14     | Reached skill level 1 in Spellcasting
 31944 | D:15     | Entered Level 15 of the Dungeon
 32073 | D:10     | Bought a translucent blowgun for 202 gold pieces
 32073 | D:10     | Bought a crystal mace for 216 gold pieces
 32073 | D:10     | Identified the +7 blowgun "Oleicka Waih" {speed, rN+++ Dex-3 SInv} (You bought it in a shop on level 10 of the Dungeon)
 32081 | D:10     | Identified the cursed +0 mace "Pacly" {flame, *Contam Dex+4} (You bought it in a shop on level 10 of the Dungeon)
 32243 | D:15     | Gained mutation: You are completely covered in yellow scales (AC +4, rCorr). [demonic ancestry]
 32243 | D:15     | Reached XP level 16. HP: 126/126 MP: 25/25
 32424 | D:15     | Found Zaiw's Book Boutique.
 32594 | D:15     | Noticed Azrael
 32646 | D:15     | Killed Azrael
 32646 | D:15     | Reached skill level 5 in Spellcasting
 32646 | D:15     | Reached skill level 5 in Fire Magic
 33211 | D:15     | Found a staircase to the Depths.
 33243 | Depths:1 | Entered Level 1 of the Depths
 33265 | D:15     | Reached skill level 5 in Conjurations
 33539 | Snake:1  | Entered Level 1 of the Snake Pit
 34716 | Snake:1  | Found Dolex's Food Shop.
 35279 | Snake:2  | Found a basalt altar of Yredelemnul.
 35486 | Snake:2  | Noticed Frances
 35500 | Snake:2  | Killed Frances
 35905 | Snake:2  | Got a slimy chain mail
 35934 | Snake:2  | Identified the cursed +0 chain mail of Honesty {rPois MR+ Str-3 Int+3} (You found it on level 2 of the Snake Pit)
 36830 | Snake:3  | Reached skill level 1 in Throwing
 36897 | Snake:3  | Reached skill level 15 in Maces & Flails
 36982 | Snake:3  | Gained mutation: Your flesh is cold resistant. [demonic ancestry]
 36982 | Snake:3  | Reached XP level 17. HP: 135/135 MP: 27/27
 37066 | Snake:3  | Learned a level 5 spell: Phase Shift
 37876 | Snake:4  | Entered Level 4 of the Snake Pit
 38400 | Snake:4  | Noticed Vashnia
 38446 | Snake:4  | Killed Vashnia
 38676 | Snake:4  | Noticed Aizul
 38700 | Snake:4  | Banished Aizul
 38711 | Snake:4  | Corrupted Snake:4
 38713 | Snake:4  | Got a serpentine rune of Zot
 38717 | Snake:4  | HP: 1/137 [greater naga/bolt of poison (40)]
 38718 | Snake:4  | Succumbed to a greater naga's bolt of poison

Vault maps used:
D:1:      lemuel_arrival_funnel
D:2:      nicolae_qazlal_general_emergency
D:3:      lemuel_round_altar, lemuel_round_altar, uniq_jessica
D:4:      overflow_temple_1_default
D:5:      kennysheep_big_flooded_room, serial_shops, nicolae_shop_stone,
          first_bread, uniq_sigmund
D:6:      okawaru_metal_pillars_1_2, minitemple, minmay_temple_entry_crystal_x,
          serial_shops, shop, nicolae_shop_stone, nicolae_shop_crystal,
          kennysheep_mini, shop
D:7:      wad_river_or_something, serial_shops, nicolae_shop_crystal,
          uniq_joseph
D:8:      grunt_temple_overflow_opulence, overflow_temple_1_default,
          serial_shops, shop, nicolae_shop_waterfront, nicolae_shop_statue_plus,
          uniq_erica
D:9:      serial_curves, eino_curves_03, eino_curves_03, eino_curves_02,
          hangedman_fish_farm, kennysheep_boxes
D:10:     nicolae_trove_entry_crystal, serial_shops, shop_statue,
          serial_bayou_lake_a, uniq_maurice
D:11:     minmay_lair_entry_lava, basic_altar, uniq_urug
D:12:     kennysheep_blocky_room, serial_shops, shop, johnstein_pakellas_dig,
          uniq_snorg, uniq_maud, uniq_kirke
D:13:     erik_vaults_1
D:14:     minmay_outward_triangles, serial_ice, serial_ice_b, serial_ice_j,
          serial_ice_m, serial_ice_n, serial_ice_a, serial_ice_g,
          portal_ice_cave_entry_ugly_swarm, dk_noncrumbling_3,
          nicolae_blasting_shop
D:15:     grunt_enter_depths_magical_seal, nicolae_lava_and_water, serial_shops,
          nicolae_shop_waterfront, minmay_misc_feat_more_columns, uniq_azrael
Lair:1:   lab_entry_generic, serial_bayou_crossing
Lair:2:   special_room, beast_lair_carwin_1
Lair:3:   minmay_hedge_maze
Lair:4:   guppyfry_snake_entry_garden, grunt_megastairs_3
Lair:5:   minmay_swamp_entry_eels, minmay_lair_oklob_bushes
Lair:6:   slime_altar_1, lemuel_fruit_fields
Lair:8:   grunt_lair_end_beastmaster
Snake:1:  serial_shops, shop, nicolae_snake_squiggles
Snake:2:  basic_altar, fake_guardian_serpent_vault, uniq_frances
Snake:3:  guppyfry_library_mini
Snake:4:  snake_pit, serial_bayou_shore_b, uniq_aizul, uniq_vashnia
Orc:1:    mines2_david
Orc:2:    st_orc_town, serial_shops, shop, nicolae_shop_crystal,
          nicolae_shop_trees, nicolae_shop_statue_plus, mines1_david
Depths:1: grunt_hell_entry_dis_old, serial_glass, glass_columns_a,
          glass_columns_a, glass_columns_c, glass_columns_b, glass_columns_a,
          glass_columns_a, glass_columns_a, glass_columns_a,
          unseen_surprise_small, item_on_display_a, kennysheep_flooded_box,
          st_stairs_2, lightli_corner_chamber, grunt_megastairs_1,
          serial_bayou_shore_a
Abyss:1:  evilmike_abyss_exit_10
Lab:      labyrinth_mini_lab, nicolae_lab_dead_end, nicolae_lab_blocks,
          nicolae_lab_t_cross, labyrinth_skeletal_remains, nicolae_lab_grate_2,
          nicolae_lab_lava
IceCv:    ice_cave_caverns_03

Action                   |  1- 3 |  4- 6 |  7- 9 | 10-12 | 13-15 | 16-18 || total
-------------------------+-------+-------+-------+-------+-------+-------++-------
Melee: Mace              |    64 |    17 |       |       |       |       ||    81
       Flail             |       |    32 |       |       |       |       ||    32
       Morningstar       |       |    53 |   163 |   717 |  1113 |   848 ||  2894
Throw: Throwing net      |       |     1 |       |     1 |       |       ||     2
       Javelin           |       |       |       |     4 |       |       ||     4
Invok: Depart the Abyss  |     1 |       |       |     1 |       |       ||     2
       Banish            |       |       |     1 |    27 |    16 |    10 ||    54
       Corrupt           |       |       |       |     2 |       |     1 ||     3
       Enter the Abyss   |       |       |       |     1 |       |       ||     1
       Bend Space        |       |       |       |       |     1 |       ||     1
Evoke: Wand              |       |       |       |    17 |    11 |     1 ||    29
       Fan of gales      |       |       |       |       |       |     2 ||     2
  Use: Scroll            |     5 |     3 |    16 |    23 |    16 |     9 ||    72
       Potion            |       |       |     6 |     6 |     2 |     5 ||    19
 Stab: Sleeping          |     1 |     1 |       |       |       |       ||     2
       Held in net/web   |       |     1 |       |     1 |       |       ||     2
       Distracted        |       |       |       |     4 |     4 |     5 ||    13
       Invisible         |       |       |       |     4 |       |       ||     4
  Eat: Chunk             |     1 |     5 |     9 |     9 |    25 |       ||    49
       Beef jerky        |       |       |     1 |     1 |     1 |       ||     3
       Meat ration       |       |       |     1 |     1 |       |       ||     2
       Pizza             |       |       |       |     3 |       |       ||     3
       Bread ration      |       |       |       |     6 |       |       ||     6
       Royal jelly       |       |       |       |     1 |    10 |       ||    11
       Fruit             |       |       |       |     4 |     2 |    26 ||    32
